TOP OF THE 1ST |
Long Island Seawolves batting - Pitching for Little Caesars Hot N Readys : RHP Martín Flores
|
Pitching: RHP Martín Flores
|
|
Batting: RHB Enrique Morales
|
0-0: Called Strike 0-1: Ground out 4-3 (Groundball, 4S)
|
Batting: RHB Francisco García
|
0-0: Ball 1-0: Swinging Strike 1-1: Ball 2-1: Ground out 5-3 (Groundball, 15S)
|
Batting: LHB Jim Unknown
|
0-0: Swinging Strike 0-1: Ball 1-1: Fly out, F8 (Flyball, 8LM)
|
Top of the 1st over - 0 run(s), 0 hit(s), 0 error(s), 0 left on base; Long Island 0 - Little Caesars 0 |
BOTTOM OF THE 1ST |
Little Caesars Hot N Readys batting - Pitching for Long Island Seawolves : RHP Jim Unknown
|
Pitching: RHP Jim Unknown
|
|
Batting: RHB Lorenzo Sabastro
|
0-0: Called Strike 0-1: Ground out 5-3 (Groundball, 56S)
|
Batting: RHB Ulbert Sutkamp
|
0-0: Ball 1-0: Called Strike 1-1: Foul Ball, location: 2F 1-2: Foul Ball, location: 2F 1-2: Fly out, F3 (Popup, 3DF)
|
Batting: LHB Mario Cruz
|
0-0: Called Strike 0-1: Ball 1-1: Ball 2-1: Fly out, F4 (Popup, 4)
|
Bottom of the 1st over - 0 run(s), 0 hit(s), 0 error(s), 0 left on base; Long Island 0 - Little Caesars 0 |
TOP OF THE 2ND |
Long Island Seawolves batting - Pitching for Little Caesars Hot N Readys : RHP Martín Flores
|
Batting: LHB Scott Britt
|
0-0: Ball 1-0: Reached on error, E6 (Groundball, 6)
|
Batting: SHB Carroll Kline
|
0-0: SINGLE (Groundball, 4M) Scott Britt to third
|
Batting: LHB Keith Alexander
|
0-0: SINGLE (Groundball, 15) (infield hit) Carroll Kline to second
|
Batting: RHB Jim Unknown
|
0-0: Ball 1-0: Foul Ball, location: 2F 1-1: Ball 2-1: Fly out, F7 (Flyball, 78M) Runner from 3rd tags up, OUT at HOME Carroll Kline to third Keith Alexander to second
|
Batting: LHB Jim Unknown
|
0-0: Ball 1-0: Foul Ball, location: 2F 1-1: Ball 2-1: Foul Ball, location: 2F 2-2: Ground out 5-3 (Groundball, 6S)
|
Top of the 2nd over - 0 run(s), 2 hit(s), 1 error(s), 2 left on base; Long Island 0 - Little Caesars 0 |
BOTTOM OF THE 2ND |
Little Caesars Hot N Readys batting - Pitching for Long Island Seawolves : RHP Jim Unknown
|
Batting: RHB Jeffery Campbell
|
0-0: Called Strike 0-1: Ball 1-1: SINGLE (Line Drive, 34S)
|
Batting: RHB Ramiro Gonzáles
|
0-0: Fly out, F8 (Flyball, 78M)
|
Batting: RHB Zong-yuan Fung
|
0-0: Fly out, F7 (Flyball, 78M)
|
Batting: RHB Luis Aragón
|
0-0: Called Strike 0-1: Ball 1-1: Fly out, F9 (Flyball, 9M)
|
Bottom of the 2nd over - 0 run(s), 1 hit(s), 0 error(s), 1 left on base; Long Island 0 - Little Caesars 0 |
TOP OF THE 3RD |
Long Island Seawolves batting - Pitching for Little Caesars Hot N Readys : RHP Martín Flores
|
Batting: SHB Terry Conley
|
0-0: SINGLE (Groundball, 34D)
|
Batting: RHB Enrique Morales
|
0-0: Ball 1-0: Ball 2-0: Ball 3-0: Base on Balls Terry Conley to second
|
Batting: RHB Francisco García
|
0-0: Ball 1-0: Swinging Strike 1-1: Ball 2-1: DOUBLE (Line Drive, 78M) Terry Conley scores Enrique Morales to third
|
Batting: LHB Jim Unknown
|
0-0: Ball 1-0: Ground out 4-3 (Groundball, 4) Enrique Morales scores Francisco García to third
|
Batting: LHB Scott Britt
|
0-0: Ball 1-0: Ball 2-0: Ball 3-0: Base on Balls
|
Batting: SHB Carroll Kline
|
0-0: Called Strike 0-1: Called Strike 0-2: Ball 1-2: Foul Ball, location: 2F 1-2: Ground out 5-3 (Groundball, 5S) Francisco García scores Scott Britt to second
|
Batting: LHB Keith Alexander
|
0-0: Called Strike 0-1: Foul Ball, location: 2F 0-2: Ball 1-2: Foul Ball, location: 2F 1-2: Fly out, F5 (Popup, 5L)
|
Top of the 3rd over - 3 run(s), 2 hit(s), 0 error(s), 1 left on base; Long Island 3 - Little Caesars 0 |
BOTTOM OF THE 3RD |
Little Caesars Hot N Readys batting - Pitching for Long Island Seawolves : RHP Jim Unknown
|
Batting: LHB Geremia Napolitano
|
0-0: SINGLE (Groundball, 34D)
|
Batting: SHB Valentín Guzmán
|
0-0: Ball 1-0: Ball 2-0: Foul Ball, location: 2F 2-1: Called Strike 2-2: Foul Ball, location: 2F 2-2: Ball 3-2: Foul Ball, location: 2F 3-2: Foul Ball, location: 2F 3-2: Foul Ball, location: 2F 3-2: Base on Balls Geremia Napolitano to second
|
Batting: RHB Lorenzo Sabastro
|
0-0: Fielders Choice at 2nd, 6-4 (Groundball, 6) Geremia Napolitano to third
|
Batting: RHB Ulbert Sutkamp
|
0-0: Called Strike 0-1: Foul Ball, location: 2F 0-2: Strikes out swinging
|
Batting: LHB Mario Cruz
|
0-0: Ball 1-0: SINGLE (Line Drive, 6) Geremia Napolitano scores Lorenzo Sabastro to second
|
Batting: RHB Jeffery Campbell
|
0-0: Ball 1-0: Swinging Strike 1-1: Foul Ball, location: 2F 1-2: Ball 2-2: Ball 3-2: Foul Ball, location: 2F 3-2: Foul Ball, location: 2F 3-2: Fly out, F7 (Flyball, 7M)
|
Bottom of the 3rd over - 1 run(s), 2 hit(s), 0 error(s), 2 left on base; Long Island 3 - Little Caesars 1 |
TOP OF THE 4TH |
Long Island Seawolves batting - Pitching for Little Caesars Hot N Readys : RHP Martín Flores
|
Batting: RHB Jim Unknown
|
0-0: Ball 1-0: Foul Ball, location: 2F 1-1: Fly out, F9 (Flyball, 89D)
|
Batting: LHB Jim Unknown
|
0-0: Called Strike 0-1: Ball 1-1: SINGLE (Groundball, 34D)
|
Batting: SHB Terry Conley
|
0-0: Ball 1-0: Ball 2-0: Called Strike 2-1: Foul Ball, location: 2F 2-2: Strikes out swinging
|
Batting: RHB Enrique Morales
|
0-0: Ball Pickoff Throw to First - Out!
|
Top of the 4th over - 0 run(s), 1 hit(s), 0 error(s), 0 left on base; Long Island 3 - Little Caesars 1 |
BOTTOM OF THE 4TH |
Little Caesars Hot N Readys batting - Pitching for Long Island Seawolves : RHP Jim Unknown
|
Batting: RHB Ramiro Gonzáles
|
0-0: Ball 1-0: Foul Ball, location: 2F 1-1: Ground out 5-3 (Groundball, 56)
|
Batting: RHB Zong-yuan Fung
|
0-0: Ball 1-0: Ball 2-0: Ball 3-0: Base on Balls
|
Batting: RHB Luis Aragón
|
0-0: Ball 1-0: Ball 2-0: Fly out, F7 (Flyball, 7M)
|
Batting: LHB Geremia Napolitano
|
0-0: Ball 1-0: Ball 2-0: Ball 3-0: Called Strike 3-1: Base on Balls Zong-yuan Fung to second
|
Batting: SHB Valentín Guzmán
|
0-0: Ground out U3 (Groundball, 3L)
|
Bottom of the 4th over - 0 run(s), 0 hit(s), 0 error(s), 2 left on base; Long Island 3 - Little Caesars 1 |
TOP OF THE 5TH |
Long Island Seawolves batting - Pitching for Little Caesars Hot N Readys : RHP Martín Flores
|
Batting: RHB Enrique Morales
|
0-0: Ball 1-0: SINGLE (Line Drive, 78S)
|
Batting: RHB Francisco García
|
0-0: Sac Bunt - play at first, batter OUT! 1-3 Enrique Morales to second
|
Batting: LHB Jim Unknown
|
0-0: Foul Ball, location: 2F 0-1: Ball 1-1: 2-RUN HOME RUN (Flyball, 7LD), Distance : 348 ft
|
Batting: LHB Scott Britt
|
0-0: Swinging Strike 0-1: Ground out 3-1 (Groundball, 34S)
|
Batting: SHB Carroll Kline
|
0-0: Ground out 4-3 (Groundball, 4)
|
Top of the 5th over - 2 run(s), 2 hit(s), 0 error(s), 0 left on base; Long Island 5 - Little Caesars 1 |
BOTTOM OF THE 5TH |
Little Caesars Hot N Readys batting - Pitching for Long Island Seawolves : RHP Jim Unknown
|
Batting: RHB Lorenzo Sabastro
|
0-0: Called Strike 0-1: Foul Ball, location: 2F 0-2: Ball 1-2: Fly out, F4 (Line Drive, 4)
|
Batting: RHB Ulbert Sutkamp
|
0-0: Ball 1-0: SINGLE (Line Drive, 6MD)
|
Batting: LHB Mario Cruz
|
0-0: Called Strike Ulbert Sutkamp is caught stealing 2nd base 0-1: SINGLE (Line Drive, 34)
|
Batting: RHB Jeffery Campbell
|
0-0: Called Strike 0-1: Ball 1-1: SINGLE (Line Drive, 89S) Mario Cruz to second Runner from 2nd tries for 3rd, SAFE, throw made to third
|
Batting: RHB Ramiro Gonzáles
|
0-0: Called Strike 0-1: Swinging Strike 0-2: Ball 1-2: Ball 2-2: Foul Ball, location: 2F 2-2: Foul Ball, location: 2F 2-2: Foul Ball, location: 2F 2-2: Strikes out swinging
|
Bottom of the 5th over - 0 run(s), 3 hit(s), 0 error(s), 2 left on base; Long Island 5 - Little Caesars 1 |
TOP OF THE 6TH |
Long Island Seawolves batting - Pitching for Little Caesars Hot N Readys : RHP Martín Flores
|
Batting: LHB Keith Alexander
|
0-0: Called Strike 0-1: Ball 1-1: Foul Ball, location: 2F 1-2: Foul Ball, location: 2F 1-2: SINGLE (Groundball, 4MD)
|
Batting: RHB Jim Unknown
|
0-0: Ball 1-0: Ball 2-0: Called Strike 2-1: SINGLE (Line Drive, 8RS) Keith Alexander to second
|
Batting: LHB Jim Unknown
|
0-0: Fly out, F7 (Flyball, 78M)
|
Batting: SHB Terry Conley
|
0-0: Ball 1-0: Foul Ball, location: 2F 1-1: Called Strike 1-2: Strikes out swinging
|
Batting: RHB Enrique Morales
|
0-0: Ball 1-0: Ball 2-0: DOUBLE (Line Drive, 7LM) Keith Alexander scores Jim Unknown to third
|
Pitching: LHP Luis Luna
|
|
Batting: RHB Francisco García
|
0-0: Foul Ball, location: 2F 0-1: Called Strike 0-2: Strikes out swinging
|
Top of the 6th over - 1 run(s), 3 hit(s), 0 error(s), 2 left on base; Long Island 6 - Little Caesars 1 |
BOTTOM OF THE 6TH |
Little Caesars Hot N Readys batting - Pitching for Long Island Seawolves : RHP Jim Unknown
|
Batting: RHB Zong-yuan Fung
|
0-0: Foul Ball, location: 2F 0-1: Ball 1-1: Foul Ball, location: 2F 1-2: Ball 2-2: Ball 3-2: Base on Balls
|
Batting: RHB Luis Aragón
|
0-0: DOUBLE (Flyball, 9LS) Zong-yuan Fung to third
|
Batting: LHB Geremia Napolitano
|
0-0: Called Strike 0-1: Ball 1-1: Ball 2-1: Ball 3-1: Swinging Strike 3-2: Foul Ball, location: 2F 3-2: Ground out 5-3 (Groundball, 56S) Zong-yuan Fung scores Luis Aragón to third
|
Batting: SHB Valentín Guzmán
|
0-0: Foul Ball, location: 2F 0-1: Ball 1-1: Swinging Strike 1-2: Strikes out swinging
|
Batting: RHB Lorenzo Sabastro
|
0-0: Ground out 6-3 (Groundball, 6)
|
Bottom of the 6th over - 1 run(s), 1 hit(s), 0 error(s), 1 left on base; Long Island 6 - Little Caesars 2 |
TOP OF THE 7TH |
Long Island Seawolves batting - Pitching for Little Caesars Hot N Readys : LHP Luis Luna
|
Batting: LHB Jim Unknown
|
0-0: SINGLE (Groundball, 34D)
|
Batting: LHB Scott Britt
|
0-0: Ball 1-0: Ball 2-0: Foul Ball, location: 2F 2-1: Ball 3-1: Base on Balls Jim Unknown to second
|
Batting: SHB Carroll Kline
|
0-0: Ball 1-0: Ball 2-0: Ball 3-0: Base on Balls Jim Unknown to third Scott Britt to second
|
Batting: LHB Keith Alexander
|
0-0: Ball 1-0: Swinging Strike 1-1: Ball 2-1: Foul Ball, location: 2F 2-2: Ball 3-2: Foul Ball, location: 2F 3-2: Foul Ball, location: 2F 3-2: Foul Ball, location: 2F 3-2: Base on Balls Jim Unknown scores Scott Britt to third Carroll Kline to second
|
Batting: RHB Jim Unknown
|
0-0: Ball 1-0: Called Strike 1-1: Ball 2-1: Ball 3-1: SINGLE (Line Drive, 89S) Scott Britt scores Carroll Kline to third Keith Alexander to second Runner from 3rd tries for Home, SAFE, throw made home Keith Alexander to third Jim Unknown to second
|
Pitching: RHP Atsumori Fujii
|
|
Batting: LHB Jim Unknown
|
0-0: Ball 1-0: Ball 2-0: Ball 3-0: Base on Balls
|
Batting: SHB Terry Conley
|
0-0: Called Strike Balk! Keith Alexander scores Jim Unknown to third Jim Unknown to second 0-1: Foul Ball, location: 2F 0-2: Ball 1-2: Ball 2-2: Ground out 4-3 (Groundball, 4) Jim Unknown scores Jim Unknown to third
|
Batting: RHB Enrique Morales
|
0-0: Foul Ball, location: 2F 0-1: Ball 1-1: Foul Ball, location: 2F 1-2: Ball 2-2: Foul Ball, location: 2F 2-2: Ball 3-2: Base on Balls
|
Batting: RHB Francisco García
|
0-0: Ball 1-0: Called Strike 1-1: Ball 2-1: Ball 3-1: Fly out, F3 (Popup, 34S)
|
Batting: LHB Jim Unknown
|
0-0: Called Strike 0-1: Ball 1-1: Ball 2-1: Swinging Strike 2-2: Foul Ball, location: 2F 2-2: Ball 3-2: Base on Balls Enrique Morales to second
|
Batting: LHB Scott Britt
|
0-0: Foul Ball, location: 2F 0-1: Ball 1-1: Ball 2-1: Ball 3-1: Called Strike 3-2: Base on Balls Jim Unknown scores Enrique Morales to third Jim Unknown to second
|
Batting: SHB Carroll Kline
|
0-0: Ball 1-0: Ball 2-0: Foul Ball, location: 2F 2-1: Called Strike 2-2: Strikes out swinging
|
Top of the 7th over - 6 run(s), 2 hit(s), 0 error(s), 3 left on base; Long Island 12 - Little Caesars 2 |
BOTTOM OF THE 7TH |
Little Caesars Hot N Readys batting - Pitching for Long Island Seawolves : RHP Jim Unknown
|
Batting: RHB Ulbert Sutkamp
|
0-0: Fly out, F4 (Popup, 6MD)
|
Batting: LHB Mario Cruz
|
0-0: Called Strike 0-1: Called Strike 0-2: Strikes out looking
|
Batting: RHB Jeffery Campbell
|
0-0: Called Strike 0-1: Ground out 6-3 (Groundball, 6)
|
Bottom of the 7th over - 0 run(s), 0 hit(s), 0 error(s), 0 left on base; Long Island 12 - Little Caesars 2 |
TOP OF THE 8TH |
Long Island Seawolves batting - Pitching for Little Caesars Hot N Readys : RHP Atsumori Fujii
|
Batting: LHB Keith Alexander
|
0-0: Foul Ball, location: 2F 0-1: Ball 1-1: Ball 2-1: Swinging Strike 2-2: Strikes out swinging
|
Batting: RHB Jim Unknown
|
0-0: Called Strike 0-1: Foul Ball, location: 2F 0-2: Ball 1-2: Foul Ball, location: 2F 1-2: Fly out, F8 (Flyball, 8LXD)
|
Batting: LHB Jim Unknown
|
0-0: Called Strike 0-1: Ball 1-1: Foul Ball, location: 2F 1-2: Strikes out swinging
|
Top of the 8th over - 0 run(s), 0 hit(s), 0 error(s), 0 left on base; Long Island 12 - Little Caesars 2 |
BOTTOM OF THE 8TH |
Little Caesars Hot N Readys batting - Pitching for Long Island Seawolves : RHP Jim Unknown
|
Batting: RHB Ramiro Gonzáles
|
0-0: Ball 1-0: Ball 2-0: Foul Ball, location: 2F 2-1: Ball 3-1: Foul Ball, location: 2F 3-2: Foul Ball, location: 2F 3-2: Foul Ball, location: 2F 3-2: Ground out 4-3 (Groundball, 4M)
|
Batting: RHB Zong-yuan Fung
|
0-0: Foul Ball, location: 2F 0-1: Called Strike 0-2: Ball 1-2: Foul Ball, location: 2F 1-2: Ground out 4-3 (Groundball, 34)
|
Batting: RHB Luis Aragón
|
0-0: Foul Ball, location: 2F 0-1: Called Strike 0-2: Ball 1-2: Ball 2-2: Strikes out swinging
|
Bottom of the 8th over - 0 run(s), 0 hit(s), 0 error(s), 0 left on base; Long Island 12 - Little Caesars 2 |
TOP OF THE 9TH |
Long Island Seawolves batting - Pitching for Little Caesars Hot N Readys : RHP Atsumori Fujii
|
Pitching: RHP Douglas Das
|
|
Batting: SHB Terry Conley
|
0-0: Ball 1-0: Ball 2-0: Called Strike 2-1: Swinging Strike 2-2: Foul Ball, location: 2F 2-2: Ball 3-2: Strikes out swinging
|
Batting: RHB Enrique Morales
|
0-0: Called Strike 0-1: Foul Ball, location: 2F 0-2: Ball 1-2: Ground out 6-3 (Groundball, 6)
|
Batting: RHB Francisco García
|
0-0: Called Strike 0-1: Swinging Strike 0-2: Ball 1-2: SINGLE (Line Drive, 6M)
|
Batting: LHB Jim Unknown
|
0-0: SINGLE (Line Drive, 56) Francisco García to second
|
Batting: LHB Scott Britt
|
0-0: Ball 1-0: Called Strike 1-1: Foul Ball, location: 2F 1-2: Strikes out swinging
|
Top of the 9th over - 0 run(s), 2 hit(s), 0 error(s), 2 left on base; Long Island 12 - Little Caesars 2 |
BOTTOM OF THE 9TH |
Little Caesars Hot N Readys batting - Pitching for Long Island Seawolves : RHP Jim Unknown
|
Pitching: RHP Jim Unknown
|
|
Batting: LHB Geremia Napolitano
|
0-0: Foul Ball, location: 2F 0-1: Foul Ball, location: 2F 0-2: Foul Ball, location: 2F 0-2: Foul Ball, location: 2F 0-2: Foul Ball, location: 2F 0-2: Foul Ball, location: 2F 0-2: Foul Ball, location: 2F 0-2: Strikes out swinging
|
Batting: SHB Valentín Guzmán
|
0-0: Called Strike 0-1: Ball 1-1: DOUBLE (Line Drive, 78D)
|
Pinch Hitting: LHB Jim Unknown
|
0-0: Ground out 4-3 (Groundball, 4) Valentín Guzmán to third
|
Pinch Hitting: LHB Sean Angwin
|
0-0: Called Strike 0-1: Foul Ball, location: 2F 0-2: Ball 1-2: Foul Ball, location: 2F 1-2: Fly out, F7 (Flyball, 7M)
|
Bottom of the 9th over - 0 run(s), 1 hit(s), 0 error(s), 1 left on base; Long Island 12 - Little Caesars 2 |
|